 Dungeon Crawl Stone Soup version 0.24-a0-67-ga78bd38 (webtiles) character file.

Game seed: 11290266343274442119

3570 Lanoc the Cleaver (level 9, -5/72 HPs)
             Began as a Demonspawn Gladiator on Feb 5, 2019.
             Was a High Priest of Uskayaw.
             Slain by an orc warrior
             ... wielding a +0 glaive
              (10 damage)
             ... on level 8 of the Dungeon.
             The game lasted 00:13:31 (6663 turns).

Lanoc the Cleaver (Demonspawn Gladiator)            Turns: 6663, Time: 00:13:32

Health: -5/72      AC:  5    Str: 17    XL:     9   Next: 84%
Magic:  0/22       EV: 14    Int: 11    God:    Uskayaw [*****.]
Gold:   131        SH:  3    Dex: 14    Spells: 7/8 levels left

rFire    + . .     SeeInvis +   q - +2 hand axe (vamp)
rCold    + . .     Gourm    .   h - +0 buckler
rNeg     . . .     Faith    .   b - +0 leather armour
rPois    .         Spirit   +   c - +0 helmet
rElec    .         Reflect  .   y - scarf {rC+ rF+}
rCorr    .         Harm     .   (no gloves)
MR       .....                  (no boots)
Stlth    +.........             e - amulet of the acrobat
HPRegen  0.22/turn              z - ring of magical power
MPRegen  0.18/turn              u - ring of see invisible

@: drained
A: hooves 2, rugged brown scales 1, magic shield
a: Stomp, Line Pass, Grand Finale, Renounce Religion


You were on level 8 of the Dungeon.
You worshipped Uskayaw.
Uskayaw was noncommittal.
You were near starving.

You visited 2 branches of the dungeon, and saw 9 of its levels.

You collected 291 gold pieces.
You spent 160 gold pieces at shops.

Inventory:

Hand Weapons
 a - a +0 war axe
 q - a +2 vampiric hand axe (weapon)
Missiles
 d - 2 throwing nets (quivered)
Armour
 b - a +0 leather armour (worn)
 c - a +0 helmet (worn)
 h - a +0 buckler (worn)
 y - a scarf of resistance (worn)
Jewellery
 e - an amulet of the acrobat (around neck)
 o - an uncursed ring of flight
 u - a ring of see invisible (right hand)
 z - a ring of magical power (left hand)
Wands
 t - a wand of flame (3)
 A - a wand of acid (7)
 F - a wand of enslavement (7)
Scrolls
 g - a scroll of blinking {unknown}
 j - a scroll of noise
 k - 2 scrolls of fog
 l - a scroll of enchant armour {unknown}
 m - a scroll of amnesia
 n - a scroll of teleportation
 v - a scroll of remove curse
 w - 2 scrolls of magic mapping {unknown}
 B - a scroll of random uselessness {unknown}
Potions
 i - a potion of cancellation {unknown}
 p - 2 potions of curing
 r - a potion of magic
 s - 3 potions of haste
 x - a potion of lignification
 C - 2 potions of invisibility
 E - 2 potions of agility
Comestibles
 f - 9 rations


   Skills:
 + Level 6.3(5.4) Fighting
 * Level 8.0(7.0) Axes
 - Level 1.7(0.9) Throwing
 + Level 5.3(4.4) Armour
 + Level 6.1(5.2) Dodging
 + Level 1.8(1.0) Necromancy
 * Level 5.4(4.5) Invocations


You had 7 spell levels left.
You knew the following spells:

 Your Spells              Type           Power        Failure   Level  Hunger
a - Animate Skeleton      Necr           N/A          43%         1    ##.....

Your spell library contained the following spells:

 Spells                   Type           Power        Failure   Level  Hunger
 Pain                     Necr           #...         43%         1    ##.....
 Beastly Appendage        Tmut           #.....       56%         1    ##.....
 Corpse Rot               Necr           N/A          56%         2    ###....
 Sticks to Snakes         Tmut           #.......     71%         2    ###....
 Vampiric Draining        Necr           #.........   80%         3    ####...
 Regeneration             Chrm/Necr      #.........   86%         3    ####...
 Spider Form              Tmut/Pois      #.........   91%         3    ####...
 Stone Arrow              Conj/Erth      #.....       91%         3    ####...
 Animate Dead             Necr           N/A          99%         4    #####..
 Ice Form                 Ice/Tmut       #.......     100%        4    #####..
 Leda's Liquefaction      Hex/Erth       #.........   100%        4    #####..
 Blade Hands              Tmut           #.........   100%        5    ######.
 Summon Forest            Summ/Tloc      #.........   100%        5    ######.
 Hydra Form               Tmut           #.........   100%        6    #######
 Summon Hydra             Summ           #.........   100%        7    #######


Dungeon Overview and Level Annotations

Branches:
Dungeon (8/15)             Temple (1/1) D:5
   Lair: D:8-11

Altars:
Ashenzari
Cheibriados
Dithmenos
Elyvilon
Fedhas
Gozag
Hepliaklqana
Kikubaaqudgha
Makhleb
Okawaru
Qazlal
Ru
Sif Muna
Trog
Uskayaw
Vehumet
Xom
Yredelemnul
Zin
The Shining One

Shops:
D:4 [   D:6 !


Innate Abilities, Weirdness & Mutations

You have hoof-like feet.
You are partially covered in rugged brown scales. (AC +1, +3% HP)
When hurt, damage is shared between your health and your magic reserves.


Message History

You hit the orc warrior. You hit the orc.
You feel better. The orc hits you with a +0 hand axe.
* * * LOW HITPOINT WARNING * * *
The orc warrior closely misses you.
Unknown command.
You hit the orc. You kick the orc, but do no damage.
The orc is almost dead.
You closely miss the orc warrior. You hit the orc wizard.
You feel better.
The orc wizard gestures wildly while chanting.
The orc wizard blinks!
The orc hits you with a +0 hand axe.
* * * LOW HITPOINT WARNING * * *
The orc warrior hits you with a +0 glaive!
* * * LOW HITPOINT WARNING * * *
You can now merge with and destroy a victim.
You hit the orc warrior.
You feel better.
Your kick misses the orc warrior.
The orc warrior is almost dead.
You closely miss the orc. The orc hits you with a +0 hand axe.
* * * LOW HITPOINT WARNING * * *
The orc warrior hits you with a +0 glaive!
You die...

...##.#........
#..........>..
#..".........
#..<.......
##.........
######.........
...#..........#...
#......).....# #.
#....)o@)o...#
.......o§)....#
................
.................
.................
................
................
...............


You could see an orc warrior, an orc wizard and an orc.

Vanquished Creatures
  Prince Ribbit (Temple)
  2 hippogriffs (D:7)
  Sigmund (D:5)
  A water moccasin (D:7)
  An ice beast (D:5)
  3 sky beasts
  A black bear (D:5)
  3 ogres
  A phantom (D:5)
  2 centaurs
  A big kobold (D:7)
  Blork the orc (D:5)
  2 bullfrogs
  3 scorpions
  4 wights (D:7)
  3 howler monkeys
  2 crimson imps (D:5)
  2 jellies (D:5)
  2 hounds (D:4)
  3 orc priests
  2 bullfrog skeletons (D:5)
  8 orc wizards
  An iguana (D:4)
  Natasha (twice) (D:4)
  7 worker ants
  2 hound skeletons
  12 adders
  2 shadow imps (D:5)
  An ooze (D:5)
  2 adder skeletons
  2 worms (D:3)
  A dart slug (D:3)
  8 leopard geckos
  39 orcs
  A ball python (D:3)
  6 bats
  5 giant cockroaches
  5 goblins
  12 hobgoblins
  18 jackals
  16 kobolds
  A quokka (D:7)
  2 frilled lizards
  A jackal zombie (D:6)
  6 rats
201 creatures vanquished.

Notes
Turn   | Place    | Note
-------+----------+-------------------------------------------
     0 | D:1      | Lanoc the Demonspawn Gladiator began the quest for the Orb.
     0 | D:1      | Reached XP level 1. HP: 16/16 MP: 1/1
   442 | D:1      | Gained mutation: When hurt, damage is shared between your
                  | health and your magic reserves. [demonic ancestry]
   442 | D:1      | Reached XP level 2. HP: 15/22 MP: 2/2
   471 | D:1      | Reached skill level 1 in Armour
   725 | D:1      | Gained mutation: You have large cloven feet. [demonic
                  | ancestry]
   725 | D:1      | Reached XP level 3. HP: 26/28 MP: 3/3
  1434 | D:2      | Reached skill level 3 in Axes
  1445 | D:2      | Gained mutation: You have hoof-like feet. [demonic
                  | ancestry]
  1445 | D:2      | Reached XP level 4. HP: 32/34 MP: 4/4
  1965 | D:2      | Found a white marble altar of Elyvilon.
  1966 | D:2      | Found an iron altar of Okawaru.
  2171 | D:3      | Gained mutation: You are partially covered in rugged brown
                  | scales. (AC +1, +3% HP) [demonic ancestry]
  2171 | D:3      | Reached XP level 5. HP: 26/42 MP: 3/5
  2453 | D:3      | Found an opulent altar of Gozag.
  2667 | D:4      | Reached skill level 4 in Axes
  2667 | D:4      | Reached XP level 6. HP: 42/48 MP: 4/6
  2722 | D:4      | Found an iron altar of Okawaru.
  2950 | D:4      | Found Xammo's Antique Armour Shop.
  2969 | D:4      | Noticed a sky beast
  2977 | D:4      | Killed a sky beast
  2985 | D:4      | Reached XP level 7. HP: 29/54 MP: 2/7
  3418 | D:4      | Reached skill level 5 in Axes
  3440 | D:4      | Found a bloodstained altar of Trog.
  3461 | D:4      | Noticed Natasha
  3466 | D:4      | Killed Natasha
  3471 | D:4      | Noticed Natasha
  3480 | D:4      | Killed Natasha
  3731 | D:5      | Entered Level 5 of the Dungeon
  3731 | D:5      | Noticed Blork the orc
  3741 | D:5      | Killed Blork the orc
  3939 | D:5      | Found a staircase to the Ecumenical Temple.
  3949 | D:5      | Noticed Prince Ribbit
  3964 | Temple   | Entered the Ecumenical Temple
  3968 | Temple   | Killed Prince Ribbit
  3968 | Temple   | Reached XP level 8. HP: 13/62 MP: 3/8
  4066 | Temple   | Became a worshipper of Uskayaw the Reveler
  4242 | D:5      | Reached * piety under Uskayaw
  4402 | D:5      | Reached skill level 6 in Axes
  4451 | D:5      | Noticed Sigmund
  4451 | D:5      | Reached ** piety under Uskayaw
  4458 | D:5      | Reached *** piety under Uskayaw
  4459 | D:5      | Reached skill level 5 in Fighting
  4459 | D:5      | Reached skill level 5 in Dodging
  4460 | D:5      | Found a snail-covered altar of Cheibriados.
  4463 | D:5      | Reached **** piety under Uskayaw
  4465 | D:5      | Reached ***** piety under Uskayaw
  4467 | D:5      | Killed Sigmund
  4471 | D:5      | Reached ****** piety under Uskayaw
  4484 | D:5      | Reached skill level 7 in Axes
  4761 | D:5      | Reached skill level 1 in Invocations
  4761 | D:5      | Reached XP level 9. HP: 51/70 MP: 5/9
  5461 | D:6      | Found Paff's Distillery.
  5469 | D:6      | Bought a potion of heal wounds for 50 gold pieces
  5469 | D:6      | Bought 2 potions of agility for 80 gold pieces
  5469 | D:6      | Bought a potion of curing for 30 gold pieces
  5644 | D:7      | Reached skill level 5 in Armour
  5679 | D:7      | Learned a level 1 spell: Animate Skeleton
  5714 | D:7      | Reached skill level 1 in Necromancy
  5826 | D:7      | Reached skill level 5 in Invocations
  6131 | D:7      | Reached skill level 8 in Axes
  6663 | D:8      | Slain by an orc warrior

Vault maps used:
D:1:      wander_arrival_abandoned_jail, hangedman_decor_slide_cut,
          minmay_misc_feat_diagonals
D:2:      gammafunk_temple_overflow_statue
D:3:      nicolae_gozag_cash_rules_everything_around_me
D:4:      lightli_temple_of_fire, serial_shops, shop_statue,
          kennysheep_okawaru_gauntlet, uniq_natasha
D:5:      cheibrodos_fzero, overflow_temple_1_default,
          minmay_temple_entry_ruins, first_ration, uniq_sigmund,
          uniq_prince_ribbit1, uniq_blork_the_orc
D:6:      minmay_diamond_boxcup, serial_shops, shop, hangedman_decor_push,
          dk_rats_in_the_wall
D:8:      nicolae_overflow_crystal_walls, grunt_ogre_cave
Temple:   regret_index_temple_sphere_string

Skill      XL: |  1  2  3  4  5  6  7  8  9 |
---------------+----------------------------+-----
Dodging        | 3 4 5 6 |  6.1
Armour         | 1 2 3 4 5 |  5.3
Axes           | 3 4 5 7 8 |  8.0
Fighting       | 3 4 5 6 |  6.3
Invocations    | 1 5 |  5.4
Necromancy     | 1 |  1.8
Throwing       | |  1.7

Action                   |  1- 3 |  4- 6 |  7- 9 || total
-------------------------+-------+-------+-------++-------
Melee: War axe           |    84 |   181 |   123 ||   388
       Kick              |    12 |    41 |   110 ||   163
       Hand axe          |       |       |   189 ||   189
Throw: Throwing net      |       |       |     3 ||     3
  Use: Potion            |       |     4 |     2 ||     6
       Scroll            |       |       |     9 ||     9
 Stab: Held in net/web   |       |       |     1 ||     1
       Paralysed         |       |       |    28 ||    28
  Eat: Chunk             |     2 |     5 |     8 ||    15
       Ration            |       |       |     2 ||     2
Armor: Leather armour    |    18 |    53 |    56 ||   127
Dodge: Dodged            |    85 |   130 |   278 ||   493
Block: Buckler           |       |    31 |    47 ||    78

Table legend:
 A = Non-vault XP
 B = Vault XP
 C = Vault XP percentage of total XP
 D = Non-vault monster count
 E = Vault monster count
 F = Vault count percentage of total count
                 A         B        C        D         E       F
            +---------+---------+-------+---------+---------+-------
      Total |    3697 |    1404 |  27.5 |     183 |      18 |   9.0
            +---------+---------+-------+---------+---------+-------
        D:1 |      53 |       0 |   0.0 |      29 |       0 |   0.0
        D:2 |     109 |       0 |   0.0 |      27 |       0 |   0.0
        D:3 |     137 |       0 |   0.0 |      27 |       0 |   0.0
        D:4 |     659 |      35 |   5.0 |      26 |       1 |   3.7
        D:5 |     835 |     746 |  47.2 |      22 |      12 |  35.3
        D:6 |     311 |     349 |  52.9 |      12 |       4 |  25.0
        D:7 |    1500 |       0 |   0.0 |      33 |       0 |   0.0
        D:8 |      93 |       0 |   0.0 |       7 |       0 |   0.0
     Temple |       0 |     274 | 100.0 |       0 |       1 | 100.0
            +---------+---------+-------+---------+---------+-------
